Match 46622691
Unlisted

Match 46622691
End
Panzergrenadier Squad
Selects Italian Infantry
Panzergrenadier Squad
Panzergrenadier Squad
Construct Light Support Kompanie
Panzerjäger Squad
2.5-tonne Medical Truck
Fire Support Elements
Selects Guastatori Squad
Selects Registered Artillery
Pak 38 Anti-tank Gun Team
Registered Artillery
Selects Towed Cannone da 105/28 Field Howitzer
Guastatori Squad
2.5-tonne Medical Truck
Selects Defensive Operations
Daghito
Andreuz
Giovanni
crywo1f
gorcky17
cemsettin
0
0

Comments sign in to comment!

No comments posted yet!